 Dungeon Crawl Stone Soup version 0.22-a0-392-g5dc3fd9 (webtiles) character file.

93901 4thArraOfDagon the Scorcher (level 16, -35/109 HPs)
             Began as a Barachi Warper on May 1, 2018.
             Was the Champion of Vehumet.
             Killed from afar by a deep elf annihilator (67 damage)
             ... with an iron shot
             ... on level 2 of the Orcish Mines.
             The game lasted 02:15:48 (23353 turns).

4thArraOfDagon the Scorcher (Barachi Warper)       Turns: 23353, Time: 02:15:49

Health: -35/109    AC:  9    Str: 21    XL:     16   Next: 10%
Magic:  36/55      EV: 13    Int: 20    God:    Vehumet [******]
Gold:   1249       SH:  0    Dex: 19    Spells: 3/38 levels left

rFire    + . .     SeeInvis .   C - staff of power {!a}
rCold    + . .     Gourm    +   (no shield)
rNeg     + + .     Faith    .   G - +1 robe of Dawn {rElec rC++ MR- Dex+8}
rPois    .         Spirit   .   Z - +0 helmet (curse)
rElec    +         Reflect  .   (no cloak)
rCorr    .         Harm     .   y - +2 pair of gloves
MR       .....                  D - +1 pair of boots of Courage {*Slow rN++ Str+7}
Stlth    ++........             s - amulet of the gourmand
HPRegen  0.28/turn              m - ring of fire
MPRegen  0.34/turn              Y - ring of magical power

@: slow
A: +LOS, swims, talons 1, mutation resistance 1, slowness 1, MP-powered wands,
strong legs 2
a: Hop, Renounce Religion


You were on level 2 of the Orcish Mines.
You worshipped Vehumet.
Vehumet was exalted by your worship.
You were very full.

You visited 5 branches of the dungeon, and saw 25 of its levels.
You also visited: Labyrinth and Sewer.

You collected 2207 gold pieces.
You spent 958 gold pieces at shops.

Inventory:

Hand Weapons
 u - the +10 scythe of Resumed Hostilities {slice, rF+ rC- MR+ Int+3}
   (You found it on level 4 of the Lair of Beasts)

   It inflicts extra damage upon your enemies.
   It affects your intelligence (+3).
   It protects you from fire.
   It makes you vulnerable to cold.
   It affects your resistance to hostile enchantments.
 K - a +0 blowgun
Missiles
 e - 5 tomahawks of dispersal (quivered)
 v - 2 throwing nets
 L - 9 curare-tipped needles
Armour
 y - a +2 pair of gloves (worn)
 B - a +4 troll leather armour
 D - the +1 pair of boots of Courage (worn) {*Slow rN++ Str+7}
   (You bought it in a shop on level 2 of the Orcish Mines)

   It affects your strength (+7).
   It greatly protects you from negative energy.
   It may slow you when you take damage.
 G - the +1 robe of Dawn (worn) {rElec rC++ MR- Dex+8}
   (You took it off an orc on level 9 of the Dungeon)

   It affects your dexterity (+8).
   It greatly protects you from cold.
   It insulates you from electricity.
   It affects your resistance to hostile enchantments.
 Q - the +1 robe of Indecent Exposure {rPois Int+3}
   (You bought it in a shop on level 2 of the Orcish Mines)

   It affects your intelligence (+3).
   It protects you from poison.
 Z - a cursed +0 helmet (worn)
Magical Staves
 c - an uncursed staff of air
 n - an uncursed staff of fire
 q - an uncursed staff of energy {!a}
 C - an uncursed staff of power (weapon) {!a}
 X - an uncursed staff of death
Jewellery
 b - an uncursed ring of protection from fire
 m - a ring of fire (left hand)
 s - an amulet of the gourmand (around neck)
 I - an uncursed ring of protection from magic
 U - a +2 ring of intelligence
 Y - a ring of magical power (right hand)
Wands
 o - a wand of disintegration (28)
 r - a wand of polymorph (27)
 t - a wand of clouds (13)
 O - a wand of digging (7)
 P - a wand of flame (37)
 W - a wand of acid (9)
Scrolls
 d - 4 scrolls of blinking
 g - a scroll of teleportation
 h - 11 scrolls of remove curse
 j - a scroll of immolation
 w - 2 scrolls of fear
 E - a scroll of fog
 J - 3 scrolls of vulnerability
 R - a scroll of brand weapon
 T - 2 scrolls of noise
 V - 3 scrolls of enchant weapon
Potions
 i - 4 potions of curing
 k - 3 potions of might
 l - a potion of berserk rage
 p - a potion of magic
 x - a potion of brilliance
 z - a potion of haste
 F - a potion of mutation
 H - a potion of heal wounds
 M - a potion of agility
 N - 2 potions of lignification
 S - a potion of flight
Miscellaneous
 a - a sack of spiders
 A - a lightning rod (4/4)
Comestibles
 f - 21 rations


   Skills:
 - Level 5.0 Fighting
   Level 6.1 Long Blades
 - Level 1.0 Throwing
 - Level 1.2 Armour
 - Level 2.1 Dodging
 + Level 11.5 Spellcasting
 * Level 17.4 Conjurations
 - Level 3.2 Translocations
 * Level 17.9 Fire Magic
 - Level 7.3 Earth Magic


You had 3 spell levels left.
You knew the following spells:

 Your Spells              Type           Power        Failure   Level  Hunger
a - Sandblast             Erth           #####.       1%          1    None
b - Bolt of Fire          Conj/Fire      #######...   1%          6    ######.
c - Blink                 Tloc           N/A          2%          2    None
d - Sticky Flame          Conj/Fire      #######.     1%          4    #......
e - Lee's Rapid Deconstr  Erth           #####.....   2%          5    ####...
f - Apportation           Tloc           ###...       1%          1    None
g - Conjure Flame         Conj/Fire      #######.     0%          3    None
h - Iron Shot             Conj/Erth      ######....   1%          6    ######.
i - Spellforged Servitor  Conj/Summ      #####.....   32%         7    #######


Dungeon Overview and Level Annotations

Branches:
Dungeon (15/15)            Temple (1/1) D:5            Lair (6/6) D:11
 Shoals (0/4) Lair:3        Snake (0/4) Lair:4        Slime (0/5) Lair:5
    Orc (2/2) D:9             Elf (1/3) Orc:2        Vaults (0/5) D:13
 Depths: D:15

Altars:
Ashenzari
Cheibriados
Dithmenos
Elyvilon
Fedhas
Gozag
Hepliaklqana
Kikubaaqudgha
Makhleb
Ru
Vehumet
Wu Jian
Xom
Yredelemnul
The Shining One

Shops:
D:5 [   D:8 *   Orc:2 [[[(:

Annotations:
D:8 CcS's ghost, novice MiFi
D:13 4 runed doors


Innate Abilities, Weirdness & Mutations

Shadows flee at your approach. (+LOS)
You can swim through water.
You cover ground slowly.
You can hop long distances.
You have sharp toenails.
You are somewhat resistant to further mutation.
You expend magic power (3 MP) to strengthen your wands.


Message History

The deep elf mage gestures at you while chanting.
The bolt of lightning hits you! You resist.
The deep elf annihilator points at you and mumbles some strange words.
The crystal spear hits you!
Unknown command.
The deep elf mage casts a spell.
The deep elf annihilator gestures at you while chanting.
The crystal spear hits you!
* * * LOW HITPOINT WARNING * * *
You climb upwards.
Welcome back to the Orcish Mines!
There is a staircase to the Elven Halls here.
Unknown command.
Unknown command.
As you read the scroll of fear, it crumbles to dust.
You assume a fearsome visage.
The deep elf annihilator resists with some effort.
The deep elf annihilator points at you and mumbles some strange words.
The iron shot hits you!
Ouch! That really hurt!
You die...

##### #########
#####...###.##.##.##
##.##.....#.........###
#....#..........#.....##
##.....................#
#..<.....#.#.........##
###....[..[.....%......#
)#[)[[.#.......[@..[...##
.[#[#(###....###)e......#
.#.#####....###...#.##.##
....# #....###...[....##
##.##.##....##.........#
####........##.........##
###.##.....).....#[...#
##.###..##.........<..##
#........#........[.(.#


You could see a deep elf annihilator.

Vanquished Creatures
  Kirke (Lair:5)
  6 dire elephants (Lair:6)
  A minotaur (Lab)
  Snorg (Lair:3)
  Josephine (D:10)
  An ice dragon (Lair:6)
  6 hydras
  3 vault guards (D:13)
  A death knight (D:12)
  A centaur warrior (D:13)
  An anaconda (Lair:6)
  14 two-headed ogres
  2 ogre magi (Orc:2)
  4 death yaks
  An orc high priest (Orc:1)
  Sonja (D:10)
  The ghost of Galewind the Thaumaturge, a novice DEFE of Vehumet (D:12)
  A deep elf knight (D:15)
  3 skeletal warriors (D:15)
  An unseen horror (D:15)
  2 wizards (D:13)
  2 deep trolls (Orc:2)
  A deep elf archer (D:15)
  A necromancer (D:13)
  An orc sorcerer (Orc:2)
  3 manticores (D:12)
  3 ugly things
  6 cyclopes
  9 deep elf magi
  A centaur zombie (D:15)
  4 elephants (Lair:6)
  2 black mambas
  A gargoyle (D:12)
  5 spiny frogs
  An ice statue (Lair:6)
  7 kobold demonologists
  A torpor snail (Lair:5)
  An efreet (D:15)
  A freezing wraith (D:14)
  5 komodo dragons
  12 trolls
  4 polar bears (Lair:6)
  3 hornets
  9 slime creatures
  Prince Ribbit (D:6)
  13 blink frogs
  11 hippogriffs
  A meliai zombie (D:13)
  4 dream sheep (Lair:4)
  2 shadows
  35 yaks
  5 wraiths
  5 hogs (Lair:5)
  A hog (shapeshifter) (D:15)
  17 humans (D:13)
  A steam dragon (shapeshifter) (D:13)
  4 wyverns
  9 hungry ghosts
  3 vampire mosquitoes (D:15)
  A warg (Orc:1)
  A steam dragon (Lair:2)
  An acid dragon (D:14)
  11 water moccasins
  9 porcupines
  Duvessa (D:7)
  5 sky beasts
  5 ice beasts
  21 orc warriors
  A black bear (D:8)
  2 eyes of draining
  A phantom (D:10)
  4 wolves (Lair:2)
  26 ogres
  11 crocodiles
  12 centaurs
  Blork the orc (D:6)
  7 big kobolds (D:13)
  21 bullfrogs
  A wyvern zombie (D:9)
  Dowan (D:7)
  A wyvern skeleton (D:12)
  2 scorpions
  A water moccasin skeleton (D:4)
  4 killer bees
  2 oklob saplings (D:8)
  5 howler monkeys
  4 wights
  9 crimson imps
  A bullfrog zombie (D:13)
  2 quasits
  9 jellies
  2 gnoll shamans
  9 hounds
  3 bullfrog skeletons
  3 centaur skeletons
  8 orc priests
  12 orc wizards
  6 iguanas
  16 worker ants
  A hound skeleton (D:5)
  A worker ant zombie (D:9)
  A howler monkey skeleton (D:7)
  21 adders
  46 gnolls
  7 shadow imps
  3 white imps
  6 oozes
  An adder skeleton (D:4)
  6 worms
  3 dart slugs
  2 leopard geckos
  83 orcs
  5 giant cockroaches
  9 goblins
  9 hobgoblins
  28 jackals
  6 quokkas
  7 ball pythons
  9 bats
  4 frilled lizards
  A jackal zombie (D:7)
  13 kobolds
  A leopard gecko zombie (D:6)
  4 rats
  4 plants (Lair:6)
771 creatures vanquished.

Vanquished Creatures (collateral kills)
  A black mamba (Lair:4)
1 creature vanquished.

Vanquished Creatures (others)
  An orc (Orc:2)
  5 plants
6 creatures vanquished.

Grand Total: 778 creatures vanquished

Notes
Turn   | Place    | Note
-------+----------+-------------------------------------------
     0 | D:1      | 4thArraOfDagon the Barachi Warper began the quest for the Orb.
     0 | D:1      | Reached XP level 1. HP: 17/17 MP: 3/3
   291 | D:1      | Reached XP level 2. HP: 15/23 MP: 5/5
   336 | D:2      | Reached XP level 3. HP: 12/29 MP: 6/6
   870 | D:3      | Found a hazy altar of Hepliaklqana.
   870 | D:3      | Found a glowing golden altar of the Shining One.
   963 | D:3      | Reached XP level 4. HP: 17/37 MP: 7/7
  1275 | D:4      | Found a sacrificial altar of Ru.
  1280 | D:4      | Reached skill level 5 in Long Blades
  1393 | D:5      | Entered Level 5 of the Dungeon
  1490 | D:4      | Reached XP level 5. HP: 23/42 MP: 8/8
  1932 | D:5      | Reached XP level 6. HP: 31/49 MP: 9/9
  2124 | D:5      | Found a staircase to the Ecumenical Temple.
  2172 | Temple   | Entered the Ecumenical Temple
  2197 | Temple   | Became a worshipper of Vehumet
  2325 | D:3      | Thaneod: a juz myslalem ze znowu lugonu
  2439 | D:3      | 4thArraOfDagon: tym razem cos normalnego :)
  2636 | D:1      | Reached skill level 5 in Fighting
  3377 | D:3      | Reached * piety under Vehumet
  3377 | D:3      | Offered knowledge of Sandblast by Vehumet.
  3403 | D:3      | Learned a level 1 spell: Sandblast
  3818 | D:4      | Reached skill level 1 in Earth Magic
  3818 | D:4      | Reached XP level 7. HP: 47/56 MP: 12/12
  4460 | D:3      | Reached ** piety under Vehumet
  4463 | D:3      | Offered knowledge of Throw Flame by Vehumet.
  4481 | D:3      | Learned a level 2 spell: Throw Flame
  4567 | D:3      | Reached skill level 1 in Fire Magic
  4609 | D:3      | Reached skill level 1 in Conjurations
  5015 | D:3      | Learned a level 2 spell: Blink
  5053 | D:3      | Reached XP level 8. HP: 62/62 MP: 8/14
  5118 | D:3      | Thaneod: cooked gnoll:)
  5197 | D:3      | Offered knowledge of Inner Flame by Vehumet.
  5491 | D:5      | Found Icleam's Armour Boutique.
  5925 | D:5      | Found a glowing golden altar of the Shining One.
  6195 | D:6      | Found a glowing drain.
  6212 | Sewer    | Entered a sewer
  6387 | D:6      | Reached *** piety under Vehumet
  6426 | D:6      | Reached skill level 5 in Conjurations
  6426 | D:6      | Reached skill level 5 in Fire Magic
  6437 | D:6      | Noticed Blork the orc
  6688 | D:6      | Noticed Prince Ribbit
  6699 | D:6      | Killed Prince Ribbit
  6699 | D:6      | Reached XP level 9. HP: 44/68 MP: 7/15
  6710 | D:6      | Killed Blork the orc
  7384 | D:7      | Offered knowledge of Sticky Flame by Vehumet.
  7393 | D:7      | Learned a level 4 spell: Sticky Flame
  7551 | D:7      | Gained mutation: You have sharp toenails. [potion of mutation]
  7551 | D:7      | Gained mutation: You expend magic power (3 MP) to strengthen your wands. [potion of mutation]
  7551 | D:7      | Gained mutation: You are somewhat resistant to further mutation. [potion of mutation]
  7636 | D:7      | Noticed Duvessa
  7636 | D:7      | Noticed Dowan
  7644 | D:7      | Killed Duvessa
  7649 | D:7      | Killed Dowan
  8183 | D:8      | Found a blossoming altar of Fedhas.
  8191 | D:8      | Noticed a hornet
  8200 | D:8      | Paralysed by a hornet for 1 turns
  8202 | D:8      | Killed a hornet
  8250 | D:8      | Reached **** piety under Vehumet
  8267 | D:8      | Offered knowledge of Lee's Rapid Deconstruction by Vehumet.
  8282 | D:8      | Learned a level 5 spell: Lee's Rapid Deconstruction
  8438 | D:8      | Reached XP level 10. HP: 74/74 MP: 10/16
  8542 | D:8      | Found a shadowy altar of Dithmenos.
  8792 | D:8      | Identified Zialiaf's Compendium of Nature
  8822 | D:8      | Found a white marble altar of Elyvilon.
  8829 | D:8      | Noticed CcS's ghost (novice MiFi)
  9254 | D:8      | Found Figair's Assorted Antiques.
  9269 | D:8      | Bought a scroll of magic mapping for 91 gold pieces
  9269 | D:8      | Bought a potion of heal wounds for 130 gold pieces
  9269 | D:8      | Bought a scroll of teleportation for 78 gold pieces
  9269 | D:8      | Bought a scroll labeled EZXY PYTONOPP for 26 gold pieces
  9475 | D:9      | Noticed a two-headed ogre
  9483 | D:9      | Killed a two-headed ogre
  9647 | D:9      | Reached skill level 5 in Earth Magic
  9779 | D:9      | Got a faintly humming robe
  9786 | D:9      | Identified the +1 robe of Dawn {rElec rC++ MR- Dex+8} (You took it off an orc on level 9 of the Dungeon)
  9854 | D:9      | Reached skill level 10 in Conjurations
  9854 | D:9      | Reached skill level 10 in Fire Magic
 10027 | D:9      | Found a staircase to the Orcish Mines.
 10059 | D:9      | Reached ***** piety under Vehumet
 10232 | D:8      | Offered knowledge of Lightning Bolt by Vehumet.
 10332 | D:9      | Reached XP level 11. HP: 34/79 MP: 17/17
 10374 | D:9      | Found an ancient bone altar of Kikubaaqudgha.
 10620 | D:10     | Entered Level 10 of the Dungeon
 10620 | D:10     | Noticed Josephine
 10658 | D:10     | Noticed Sonja
 10801 | D:10     | Noticed a two-headed ogre
 10802 | D:10     | Killed Sonja
 10802 | D:10     | Reached skill level 5 in Spellcasting
 10879 | D:9      | Killed a two-headed ogre
 11012 | D:11     | Found a staircase to the Lair.
 11021 | D:11     | Noticed a red ugly thing
 11036 | D:11     | Killed a purple ugly thing
 11081 | D:11     | Found a labyrinth entrance.
 11107 | Lab      | Entered a labyrinth
 11721 | Lab      | Noticed a minotaur
 11761 | Lab      | Killed a minotaur
 11778 | Lab      | Learned a level 1 spell: Apportation
 12039 | D:10     | Killed Josephine
 12052 | D:11     | Noticed a six-headed hydra
 12229 | D:11     | Learned a level 3 spell: Conjure Flame
 12281 | D:11     | Reached XP level 12. HP: 40/86 MP: 2/21
 12396 | D:11     | Found a blossoming altar of Fedhas.
 12754 | D:11     | Killed a six-headed hydra
 12935 | D:12     | Noticed Galewind's ghost (novice DEFE)
 12955 | D:12     | Killed Galewind's ghost
 13169 | D:12     | Noticed a six-headed hydra
 13182 | D:12     | Killed a six-headed hydra
 13569 | D:12     | Noticed a two-headed ogre
 13583 | D:12     | Killed a two-headed ogre
 13681 | D:14     | Noticed a two-headed ogre
 13690 | D:14     | Killed a two-headed ogre
 13701 | D:14     | Offered knowledge of Bolt of Cold by Vehumet.
 14112 | D:12     | Gained mutation: You can hop long distances. [Barachi growth]
 14112 | D:12     | Reached XP level 13. HP: 48/91 MP: 19/24
 14915 | D:15     | Entered Level 15 of the Dungeon
 15485 | D:15     | Found a radiant altar of Vehumet.
 15762 | D:15     | Offered knowledge of Iron Shot by Vehumet.
 15774 | D:15     | Learned a level 6 spell: Iron Shot
 15966 | D:13     | Found a huge runed gate.
 15967 | D:13     | Found a huge runed gate.
 15972 | D:13     | Found a huge runed gate.
 15975 | D:13     | Found a huge runed gate.
 16006 | D:14     | Reached skill level 15 in Fire Magic
 16472 | D:13     | Reached XP level 14. HP: 95/98 MP: 27/27
 16958 | D:13     | Reached skill level 15 in Conjurations
 16996 | D:13     | Found a gate to the Vaults.
 17511 | Orc:1    | Entered Level 1 of the Orcish Mines
 17530 | Orc:2    | Entered Level 2 of the Orcish Mines
 17530 | Orc:2    | Found a staircase to the Elven Halls.
 17545 | Orc:1    | Offered knowledge of Poison Arrow by Vehumet.
 17868 | Orc:1    | Noticed a stone giant
 18060 | Orc:2    | Paralysed by an orc sorcerer for 7 turns
 18198 | Orc:2    | Found Metacif's Book Shoppe.
 18494 | Orc:2    | Reached skill level 10 in Spellcasting
 19142 | Orc:2    | Found Riewitao's Armour Boutique.
 19147 | Orc:2    | Found Woppaenk's Antique Armour Shoppe.
 19380 | Orc:2    | Offered knowledge of Spellforged Servitor by Vehumet.
 19436 | Orc:2    | Reached XP level 15. HP: 86/103 MP: 11/29
 19499 | Orc:2    | Found Noelets's Weapon Shop.
 19500 | Orc:2    | Found Uvvuz's Antique Armour Shop.
 19607 | Orc:2    | Bought a pair of distressingly furry boots for 266 gold pieces
 19607 | Orc:2    | Bought a heavy robe for 159 gold pieces
 19613 | Orc:2    | Bought a glowing scarf for 208 gold pieces
 19634 | Orc:2    | Identified the +1 robe of Indecent Exposure {rPois Int+3} (You bought it in a shop on level 2 of the Orcish Mines)
 19644 | Orc:2    | Identified the +1 pair of boots of Courage {*Slow rN++ Str+7} (You bought it in a shop on level 2 of the Orcish Mines)
 19808 | Lair:1   | Entered Level 1 of the Lair of Beasts
 20536 | Lair:3   | Noticed Snorg
 20541 | Lair:3   | Killed Snorg
 20550 | Lair:3   | Learned a level 7 spell: Spellforged Servitor
 20561 | Lair:3   | Found a staircase to the Shoals.
 21078 | Lair:4   | Got an iridescent scythe
 21079 | Lair:4   | Identified the +10 scythe of Resumed Hostilities {slice, rF+ rC- MR+ Int+3} (You found it on level 4 of the Lair of Beasts)
 21109 | Lair:4   | Found a staircase to the Snake Pit.
 21649 | Lair:5   | Noticed Kirke
 21743 | Lair:6   | Entered Level 6 of the Lair of Beasts
 21920 | Lair:6   | Reached ****** piety under Vehumet
 21920 | Lair:6   | Offered knowledge of Bolt of Fire by Vehumet.
 21936 | Lair:6   | Learned a level 6 spell: Bolt of Fire
 22164 | Lair:6   | Identified the +6 short sword "Awiamo" {antimagic, rElec rC++ MR- SInv} (You found it on level 6 of the Lair of Beasts)
 22835 | Lair:5   | Killed Kirke
 22835 | Lair:5   | Reached XP level 16. HP: 109/109 MP: 31/31
 22901 | Lair:5   | Found a staircase to the Slime Pits.
 23167 | Elf:1    | Entered Level 1 of the Elven Halls
 23353 | Orc:2    | Killed from afar by a deep elf annihilator

Vault maps used:
D:1:      minmay_arrival_arboretum_small, bh_walls_and_bars
D:2:      serial_curves, eino_curves_04, eino_curves_03, minivault_11
D:3:      lemuel_castle_with_subvaults, gammafunk_temple_overflow_wave
D:4:      lemuel_crystal_altar
D:5:      temple_fountains, serial_shops, shop, first_ration, tso_altar
D:6:      cheibrodos_helix_gallery, cheibrodos_sewer_entry_bend,
          uniq_blork_the_orc, uniq_prince_ribbit1
D:7:      nicolae_benzene_ring, kennysheep_generic_room_16, uniq_duvessa
D:8:      grunt_dithmenos_smoke_and_mirrors, nicolae_overflow_crystal_walls,
          serial_shops, nicolae_shop_overgrown_old_shop,
          introduction_to_nature_2
D:9:      kennysheep_mini_moat, hiddenorc1_lemuel
D:10:     uniq_sonja, uniq_josephine
D:11:     lair_entry_dummy, lab_entry_generic, hangedman_little_slice_of_home,
          fedhas_altar_4
D:12:     minmay_big_diamond_grid, eino_curves_02
D:13:     lemuel_bear_cage, grunt_vaults_entry_tiered
D:14:     minivault_19
D:15:     gammafunk_enter_depths_forms, portal_ice_cave_entry_imps,
          lemuel_doored_altar
Temple:   regret_index_temple_sphere_string
Lair:1:   lemuel_ratsnest, st_stairs_8
Lair:2:   special_room
Lair:3:   elwin_shoals_entry_rocks, uniq_snorg
Lair:4:   dummy_snake_entry
Lair:5:   slime_dummy, infiniplex_staircase_pool, grunt_megastairs_4, uniq_kirke
Lair:6:   due_jungle_book, ice2_lemuel, serial_bayou_shore_b
Orc:2:    st_orc_open, serial_shops, shop, special_room
Elf:1:    elf_arrival_002, serial_shops, nicolae_shop_stone,
          hangedman_elf_disciples, grunt_megastairs_3
Lab:      labyrinth_spiral, nicolae_lab_hexagon, nicolae_lab_stuck,
          nicolae_lab_checkerboard, nicolae_lab_big_swirl, nicolae_lab_plus,
          lab_fountain, nicolae_lab_x
Sewer:    sewer_the_crocodile

Skill      XL: |  1  2  3  4  5  6  7  8  9 10 11 12 13 14 15 |
---------------+----------------------------------------------+-----
Long Blades    | 3 4 5 6 |  6.1
Fighting       | 3 4 5 |  5.0
Spellcasting   | 3 4 6 7 9 10 11 | 11.5
Earth Magic    | 1 2 5 7 |  7.3
Fire Magic     | 2 6 8 10 11 13 15 16 17 | 17.9
Conjurations   | 2 6 8 10 11 13 14 16 17 | 17.4
Throwing       | |  1.0
Armour         | |  1.2
Dodging        | |  2.1
Translocations | |  3.2

Action                   |  1- 3 |  4- 6 |  7- 9 | 10-12 | 13-15 | 16-18 || total
-------------------------+-------+-------+-------+-------+-------+-------++-------
Melee: Falchion          |   110 |   289 |   142 |    15 |       |       ||   556
       Staff             |       |       |   120 |   403 |   289 |     6 ||   818
       Unarmed           |       |       |       |    27 |       |       ||    27
       Scimitar          |       |       |       |    16 |       |       ||    16
 Cast: Sandblast         |       |       |   148 |       |     2 |       ||   150
       Throw Flame       |       |       |    98 |    48 |    35 |       ||   181
       Sticky Flame      |       |       |    13 |   111 |   184 |     4 ||   312
       Blink             |       |       |     1 |       |     1 |       ||     2
       Lee's Rapid Decon |       |       |       |    51 |    93 |     1 ||   145
       Conjure Flame     |       |       |       |    18 |    50 |       ||    68
       Iron Shot         |       |       |       |       |   181 |     2 ||   183
       Apportation       |       |       |       |       |     1 |       ||     1
       Bolt of Fire      |       |       |       |       |    42 |    13 ||    55
 Abil: Hop               |       |       |     2 |     9 |     7 |       ||    18
Evoke: Wand              |       |       |     3 |    17 |    10 |     1 ||    31
       Staff of energy   |       |       |       |       |    83 |     4 ||    87
  Use: Scroll            |       |     7 |    10 |    10 |    19 |     1 ||    47
       Potion            |       |     1 |     1 |    11 |     4 |       ||    17
  Eat: Chunk             |       |     7 |    18 |    48 |   156 |     7 ||   236
       Ration            |       |     1 |     2 |     6 |     4 |       ||    13
Armor: Leather armour    |     9 |       |    61 |    33 |       |       ||   103
       Ring mail         |    50 |    83 |    71 |       |       |       ||   204
       Troll leather arm |       |       |       |   167 |   183 |     2 ||   352
       Skin              |       |       |       |    31 |       |       ||    31
       Robe              |       |       |       |     1 |       |     1 ||     2
Dodge: Dodged            |    75 |   176 |   246 |   432 |   358 |    16 ||  1303
       Rpst.: Falchion   |    24 |    54 |    22 |     3 |       |       ||   103
       Scimitar          |       |       |       |     3 |       |       ||     3

Table legend:
 A = Spawn XP
 B = Non-spawn XP
 C = Spawn XP percentage of total XP
 D = Spawn monster count
 E = Non-spawn monster count
 F = Spawn count percentage of total count
 G = Total turns spent on level
                    A         B        C        D         E        F      G
               +---------+---------+-------+---------+---------+-------+---------
         Total |       0 |  134145 |   0.0 |       0 |     768 |   0.0 | 23353
               +---------+---------+-------+---------+---------+-------+---------
           D:1 |       0 |      49 |   0.0 |       0 |      22 |   0.0 |  1116
           D:2 |       0 |      83 |   0.0 |       0 |      19 |   0.0 |   658
           D:3 |       0 |     925 |   0.0 |       0 |      86 |   0.0 |  2092
           D:4 |       0 |     328 |   0.0 |       0 |      16 |   0.0 |  1152
           D:5 |       0 |     189 |   0.0 |       0 |       9 |   0.0 |   960
           D:6 |       0 |    1089 |   0.0 |       0 |      22 |   0.0 |  1156
           D:7 |       0 |    1021 |   0.0 |       0 |      21 |   0.0 |   766
           D:8 |       0 |    2095 |   0.0 |       0 |      41 |   0.0 |  1437
           D:9 |       0 |    5745 |   0.0 |       0 |      55 |   0.0 |  1417
          D:10 |       0 |    2813 |   0.0 |       0 |      12 |   0.0 |   389
          D:11 |       0 |    4350 |   0.0 |       0 |      37 |   0.0 |  1054
          D:12 |       0 |   13354 |   0.0 |       0 |      64 |   0.0 |  1568
          D:13 |       0 |   16410 |   0.0 |       0 |      70 |   0.0 |  1355
          D:14 |       0 |    3829 |   0.0 |       0 |      22 |   0.0 |   583
          D:15 |       0 |   12639 |   0.0 |       0 |      41 |   0.0 |   981
        Lair:1 |       0 |    1940 |   0.0 |       0 |       9 |   0.0 |   294
        Lair:2 |       0 |    3502 |   0.0 |       0 |      20 |   0.0 |   329
        Lair:3 |       0 |    8254 |   0.0 |       0 |      23 |   0.0 |   615
        Lair:4 |       0 |    6909 |   0.0 |       0 |      20 |   0.0 |   703
        Lair:5 |       0 |    6746 |   0.0 |       0 |      22 |   0.0 |   357
        Lair:6 |       0 |   16720 |   0.0 |       0 |      30 |   0.0 |  1003
         Orc:1 |       0 |    1703 |   0.0 |       0 |      22 |   0.0 |   322
         Orc:2 |       0 |   21369 |   0.0 |       0 |      74 |   0.0 |  2099
           Lab |       0 |    1963 |   0.0 |       0 |       5 |   0.0 |   730
         Sewer |       0 |     120 |   0.0 |       0 |       6 |   0.0 |   153
               +---------+---------+-------+---------+---------+-------+---------
